 Dungeon Crawl Stone Soup version 0.28-a0-474-g535839065c (webtiles) character file.

Game seed: 7060709541265272945

18 Sweetruy1997 the Skirmisher (level 2, -4/24 HPs)
             Began as a Demonspawn Chaos Knight on Sept 15, 2021.
             Was a Plaything of Xom.
             Killed from afar by a swamp worm (glowing shapeshifter) (7 damage)
             ... with a harpoon shot
             ... on level 1 of the Dungeon.
             The game lasted 00:01:01 (279 turns).

Sweetruy1997 the Skirmisher (DsCK)                   Turns: 279, Time: 00:01:03

Health: -4/24      AC:  7    Str: 18    XL:     2   Next: 51%
Magic:  2/2        EV: 11    Int: 13    God:    Xom [....*.]
Gold:   11         SH:  0    Dex: 12    Spells: 1/1 levels left

rFire   . . .      SeeInvis .   a - +0 hand axe (chaos)
rCold   . . .      Faith    .   (no shield)
rNeg    . . .      Spirit   .   b - +2 leather armour
rPois   .          Reflect  .   (no helmet)
rElec   .          Harm     .   (no cloak)
rCorr   .          Rampage  .   (no gloves)
Will    .....                   (no boots)
Stlth   +.........              (no amulet)
HPRegen 0.08/turn               c - +6 ring of strength
MPRegen 0.08/turn               (no ring)

@: cleaving
A: icy blue scales 1
a: Renounce Religion


You were on level 1 of the Dungeon.
You worshipped Xom.
You were a beloved toy of Xom.
You visited 1 branch of the dungeon, and saw 1 of its levels.

You collected 11 gold pieces.

Inventory:

Hand Weapons
 a - a +0 hand axe of chaos (weapon)
Armour
 b - a +2 leather armour (worn)
Jewellery
 c - a +6 ring of strength (left hand)


   Skills:
 + Level 3.3 Fighting
 + Level 3.1 Axes
 + Level 1.9 Armour
 + Level 0.9 Dodging


You had one spell level left.
You didn't know any spells.
Your spell library was empty.

Dungeon Overview and Level Annotations

Branches:
Dungeon (1/15)

Altars:


Innate Abilities, Weirdness & Mutations

You are partially covered in icy blue scales. (AC +2)


Message History

HP restored. "This place needs a little more atmosphere."
You open the door.
There is a stone staircase leading down here.
Found 20 stones.
There is an open door here.
A hobgoblin comes into view.
The hobgoblin shouts!
You hear a shout!
A goblin comes into view. It is wielding a +0 club.
The hobgoblin hits you but does no damage.
You hit the hobgoblin but do no damage. The hobgoblin barely misses you.
You barely miss the hobgoblin.
The hobgoblin hits you but does no damage.
You hit the hobgoblin.
The hobgoblin changes into a glowing shapeshifter!
Xom is mildly amused.
The glowing shapeshifter changes into a swamp worm!
You hit the swamp worm.
Space bends around the swamp worm.
The swamp worm is moderately wounded.
You hit the goblin but do no damage. The goblin hits you but does no damage.
The swamp worm barely misses you. The goblin hits you but does no damage.
Press: ? - help, v - describe, . - travel
Here: a swamp worm shaped shifter (lightly wounded)
The floor.
The swamp worm fires a harpoon shot at you.
The harpoon shot hits you!
Ouch! That really hurt!
You are yanked forward by the harpoon shot.
The swamp worm fires a harpoon shot at you.
The harpoon shot hits you!
* * * LOW HITPOINT WARNING * * *
Xom thinks this is hilarious!
You are yanked forward by the harpoon shot.
Found 14 gold pieces. "Go forth and destroy!"
Your +0 hand axe of chaos looks sharp (like it always does).
The swamp worm fires a harpoon shot at you.
The harpoon shot hits you!
You die...
Xom bursts into laughter!

. .. ... ....
###....########
.............$+
..... #@#
.....####§#
.......g○.#
.......w☼.#
###......#
#......# ######
##+###.# #....#
#.###.# #....#
##..##.# #....#


You could see a swamp worm shaped shifter.

Vanquished Creatures
  A gnoll (D:1)
  An endoplasm (D:1)
  A giant cockroach (D:1)
  A hobgoblin (D:1)
  A kobold (D:1)
  A quokka (D:1)
  A frilled lizard (D:1)
  A rat (D:1)
8 creatures vanquished.

Notes
Turn   | Place    | Note
-------+----------+-------------------------------------------
     0 | D:1      | Sweetruy1997 the Demonspawn Chaos Knight began the quest
                  | for the Orb.
     0 | D:1      | Reached XP level 1. HP: 18/18 MP: 1/1
    63 | D:1      | XOM: silly message
   191 | D:1      | XOM: stat loss: -1 Int (12/13)
   197 | D:1      | Found a faded altar of an unknown god.
   197 | D:1      | XOM: 3-stop teleportation journey
   205 | D:1      | Gained mutation: You are partially covered in icy blue
                  | scales. (AC +2) [demonic ancestry]
   205 | D:1      | Reached XP level 2. HP: 24/24 MP: 2/2
   240 | D:1      | XOM: cloud trail
   272 | D:1      | Noticed a glowing shapeshifter
   272 | D:1      | a hobgoblin changed into a glowing shapeshifter
   272 | D:1      | Noticed a swamp worm
   272 | D:1      | a glowing shapeshifter changed into a swamp worm
   279 | D:1      | XOM: cleaving
   279 | D:1      | Killed from afar by a swamp worm (glowing shapeshifter)

Illustrated notes

Levels and vault maps discovered:
D:1:      tarquinn_simple_flora_water_a, layout_basic,
          dreamdust_ecumenical_altar_statues

Skill      XL: |  1 |
---------------+----+-----
Axes           | 3 |  3.1
Fighting       | |  3.3
Armour         | |  1.9
Dodging        | |  0.9

Action                   || total
-------------------------++-------
Melee: Hand axe          ||    17
Armor: Leather armour    ||    11
Dodge: Dodged            ||     7

Table legend: (Time is in decaauts)
 A = Elapsed time spent in this place.
 B = Non-inter-level travel time spent in this place.
 C = Inter-level travel time spent in this place.
 D = Time resting spent in this place.
 E = Time spent auto-exploring this place.
 F = Levels seen in this place.
 G = Mean time per level.
                   A        B        C        D        E       F      G
               +--------+--------+--------+--------+--------+-----+--------+
         Total |    281 |    281 |      0 |      0 |    239 |   1 |  281.0 |
       Dungeon |    281 |    281 |      0 |      0 |    239 |   1 |  281.0 |
               +--------+--------+--------+--------+--------+-----+--------+

Top non-repeatable levels by time:
     D:1: 281 daAuts
